AoeStats
← DayS

Marketplace

505363328Analyzed
1v1 RM · 23d ago on Sep 9, 2026· 61m 45s· 2 players
Game mode
Random Map
Map size
Tiny (2 player)
Population
200
Speed
Normal
Resources
Standard
Victory
Conquest
Starting age
Dark Age
Ending age
Imperial Age
RankedLock teamsTeams togetherTeam positionsShared explorationLock speedFull tech treeHidden civsTurbo modeCheats
Victory
Defeat
🇨🇱 Persians · Chile
844
+21
🇨🇦 Malians · Canada
839
-16
Your Ego
7:31 Loom
10:03 Feudal Age
12:35 Double-Bit Axe
17:48 Fletching
23:37 Castle Age
23:55 Bloodlines
23:41 Crossbowman
24:26 Thumb Ring
35:13 Stone Mining
36:54 Ballistics
42:02 Imperial Age
40:51 Tigui
41:19 Gold Mining
41:35 Murder Holes
43:31 Husbandry
45:19 Chemistry
53:03 Farimba
54:49 Bow Saw
55:06 Forging
55:01 Scale Barding Armor
56:10 Conscription
56:15 Bodkin Arrow
DayS
5:54 Loom
9:16 Feudal Age
10:10 Double-Bit Axe
14:03 Wheelbarrow
14:03 Horse Collar
16:20 Forging
17:59 Bloodlines
22:09 Castle Age
21:25 Padded Archer Armor
23:45 Bow Saw
23:31 Fletching
25:05 Husbandry
25:54 Bodkin Arrow
28:17 Thumb Ring
29:45 Light Cavalry
31:11 Leather Archer Armor
32:07 Parthian Tactics
33:21 Elite Skirmisher
36:28 Heavy Plow
41:55 Imperial Age
42:13 Hussar
43:57 Chemistry
48:17 Pikeman
50:08 Kamandaran
51:35 Ballistics
51:57 Ring Archer Armor
53:12 Conscription
54:00 Heavy Camel Rider
55:19 Crop Rotation
58:51 Kamandaran
58:57 Kamandaran
58:22 Crossbowman
61:36 Hand Cart
61:08 Town Watch
Connection lost

Rejoining the realm…

Still unreachable

The connection could not be restored.

Session expired

The server has moved on; the page needs a fresh start.